 Dungeon Crawl Stone Soup version 0.14-a0-840-g06343e3 (webtiles) character file.

394 4tharraofdagon the Firebug (level 6, -2/32 HPs)
             Began as a Deep Elf Fire Elementalist on Nov 13, 2013.
             Was a Follower of Sif Muna.
             Killed by divine providence
             ... invoked by an orc priest
              (17 damage)
             ... on Level 6 of the Dungeon.
             The game lasted 00:07:17 (1142 turns).

4tharraofdagon the Firebug (DEFE)                   Turns: 1142, Time: 00:07:17

HP  -2/32        AC  5     Str  5      XL: 6   Next: 25%
MP  18/18        EV 13     Int 22      God: Sif Muna [*.....]
Gold 66          SH  0     Dex 15      Spells:  3 memorised,  4 levels left

Res.Fire  : . . .   See Invis. : .   i - +2 spear
Res.Cold  : . . .   Warding    : .   o - +0 orc leather armour
Life Prot.: . . .   Conserve   : .   (no shield)
Res.Poison: .       Res.Corr.  : .   e - +0 wizard hat
Res.Elec. : .       Clarity    : .   z - +0 cloak (curse)
Sust.Abil.: . .     Spirit.Shd : .   m - +0 pair of elf gauntlets
Res.Mut.  : .       Stasis     : .   (no boots)
Res.Rott. : .       Flight     : .   (no amulet)
Saprovore : . . .                    (no ring)
                                     n - +3 ring of evasion

@: slightly resistant to hostile enchantments, fairly stealthy
A: no striking features
a: Channel Energy, Renounce Religion


You were on level 6 of the Dungeon.
You worshipped Sif Muna.
Sif Muna was aware of your devotion.
You were hungry.

You visited 2 branches of the dungeon, and saw 7 of its levels.

You collected 66 gold pieces.

Inventory:

Hand weapons
 f - a +0,+0 dagger
 i - a +2,+2 spear (weapon)
 q - a cursed +2,+1 spear of dragon slaying
Missiles
 v - 8 curare-tipped needles
Armour
 a - a +0 elven robe
 e - a +0 wizard hat (worn)
 m - a +0 pair of elven gauntlets (worn)
 o - a +0 orcish leather armour (worn)
 z - a cursed +0 cloak (worn)
Magical devices
 A - a wand of slowing (14)
 B - a wand of teleportation (4) {unknown}
Comestibles
 c - 2 bread rations
 h - a cheese
 w - a chunk of gnoll flesh
 x - 3 chunks of gnoll flesh
Scrolls
 d - 2 scrolls of remove curse {unknown}
 g - a scroll of enchant weapon II {unknown}
 p - 3 scrolls of identify {unknown}
 r - a scroll of enchant weapon I {unknown}
 s - a scroll of random uselessness {unknown}
 t - a scroll of blinking {unknown}
 y - a scroll of amnesia {unknown}
Jewellery
 n - a +3 ring of evasion (left hand)
Potions
 j - a potion of brilliance {unknown}
 k - a potion of curing {unknown}
 l - a potion of speed {unknown}
 u - a potion of flight {unknown}
Books
 b - a book of Flames

   Spells                             Type                      Level
   *Flame Tongue                      Conjuration/Fire             1
   Throw Flame                        Conjuration/Fire             2
   *Conjure Flame                     Conjuration/Fire             3
   Inner Flame                        Hexes/Fire                   3
   *Sticky Flame                      Conjuration/Fire             4
   Fireball                           Conjuration/Fire             5


   Skills:
 - Level 2.4 Dodging
 - Level 2.4 Stealth
 + Level 3.8 Spellcasting
 + Level 4.3 Conjurations
 + Level 5.1 Fire Magic
 * Level 1.9 Invocations


You had 4 spell levels left.
You knew the following spells:

 Your Spells              Type           Power        Failure   Level  Hunger
a - Flame Tongue          Conj/Fire      ####.        1%          1    None
b - Conjure Flame         Conj/Fire      ####....     6%          3    ###....
c - Sticky Flame          Conj/Fire      ####....     17%         4    ####...


Dungeon Overview and Level Annotations

Branches:
Dungeon (6/16)             Temple (1/1) D:4
    Orc: D:6-11

Altars:
Ashenzari
Cheibriados
Elyvilon
Fedhas
Nemelex Xobeh
Okawaru
Sif Muna
Xom
the Shining One

Annotations:
D:6 Grinder


Message History

You destroy the mummy!
You feel nervous for a moment...
Your glowing spear glows black for a moment.
k - an oily purple potion
Found a scroll labeled OMENAS YMAO {tried}.
Found 14 darts of frost.
d - 2 scrolls labeled OMENAS YMAO {tried} (gained 1)
An orc comes into view. It is wielding an orcish flail.
The orc shouts!
An orc comes into view. It is wielding an orcish morningstar.
An orc and an orc priest come into view.
You are feeling hungry.
The orc shouts!
The orc priest calls down the wrath of Beogh upon you.
Something smites you!
Ouch! That really hurt!
The orc priest mumbles some strange prayers to Beogh against you.
Something smites you!
Ouch! That really hurt!
You die...

.....###...........####
...........###.###.....
...........# .# #....
......##...###+###...# ...
###...##...###_+.....# ..#
#...##...###+# #...# ..#
#...##...# #.# #...######..#
###........###.###...........####
...<............@...oo...........
........................o........
##...............................
#...###.........###...##.(.#####
#...# #.........# #...##...#
#...# #.........# #...##...#
#...# #.........# #...##...#
#...# #.........# #...##o..# #...
#.........# #...##o..#


You could see an orc priest and 2 orcs.

Vanquished Creatures
  A necrophage (D:5)
  A black bear (D:6)
  A mummy (D:6)
  3 gnolls (D:6)
  4 adders
  2 worms (D:4)
  A giant eyeball (D:4)
  A giant gecko (D:4)
  An orc (D:4)
  4 bats
  2 giant cockroaches
  6 goblins
  2 hobgoblins
  A quokka (D:4)
  A hobgoblin skeleton (D:6)
  5 kobolds
  An orc zombie (D:5)
  7 rats
44 creatures vanquished.

Notes
Turn   | Place    | Note
--------------------------------------------------------------
     0 | D:1      | 4tharraofdagon, the Deep Elf Fire Elementalist, began the quest for the Orb.
     0 | D:1      | Reached XP level 1. HP: 10/10 MP: 4/4
   188 | D:2      | Reached XP level 2. HP: 13/15 MP: 4/6
   427 | D:4      | Reached XP level 3. HP: 2/19 MP: 0/9
   432 | D:4      | Learned a level 3 spell: Conjure Flame
   520 | D:4      | Reached skill level 4 in Fire Magic
   551 | D:4      | Found a staircase to the Ecumenical Temple.
   569 | Temple   | Entered the Ecumenical Temple
   587 | Temple   | no veh oh well
   591 | Temple   | Became a worshipper of Sif Muna the Loreminder
   694 | D:4      | Reached XP level 4. HP: 22/24 MP: 4/12
   701 | D:4      | Paralysed by a giant eyeball for 4 turns
   773 | D:5      | Entered Level 5 of the Dungeon
   773 | D:5      | Noticed a necrophage
   782 | D:5      | Killed a necrophage
   782 | D:5      | Reached XP level 5. HP: 28/28 MP: 2/16
   788 | D:5      | Learned a level 4 spell: Sticky Flame
   842 | D:5      | Acquired Sif Muna's first power
  1059 | D:6      | Noticed a giant goldfish
  1067 | D:6      | Found a white marble altar of Elyvilon.
  1071 | D:6      | Noticed a black bear
  1076 | D:6      | Noticed Grinder
  1089 | D:6      | Killed a black bear
  1089 | D:6      | Reached skill level 5 in Fire Magic
  1089 | D:6      | Reached skill level 1 in Invocations
  1089 | D:6      | Reached XP level 6. HP: 28/32 MP: 12/18
  1142 | D:6      | Killed from afar by an orc priest

Action                   |  1- 3 |  4- 6 || total
-------------------------+-------+-------++-------
Melee: Dagger            |    26 |       ||    26
       Unarmed           |    11 |       ||    11
       Spear             |    30 |    19 ||    49
 Cast: Flame Tongue      |    36 |    30 ||    66
       Conjure Flame     |     4 |     1 ||     5
       Sticky Flame      |       |     3 ||     3
Invok: Channel Energy    |       |     3 ||     3
Evoke: Wand              |       |     1 ||     1
  Use: Potion            |     2 |       ||     2
       Scroll            |       |     1 ||     1
 Stab: Sleeping          |     1 |       ||     1
